 Dungeon Crawl Stone Soup version 0.27-a0-668-gb5737ff2c0 (webtiles) character file.

Game seed: 13218254456351091435

102 rageheart7 the Skirmisher (level 4, -1/52 HPs)
             Began as an Ogre Abyssal Knight on Mar 18, 2021.
             Was a Follower of Lugonu.
             Killed from afar by an orc wizard (6 damage)
             ... with a puff of flame
             ... on level 3 of the Dungeon.
             The game lasted 00:02:34 (2138 turns).

rageheart7 the Skirmisher (Ogre Abyssal Knight)     Turns: 2138, Time: 00:02:35

Health: -1/52      AC:  3    Str: 17    XL:     4   Next: 77%
Magic:  5/5        EV:  9    Int: 13    God:    Lugonu [*.....]
Gold:   60         SH:  0    Dex:  8    Spells: 3/3 levels left

rFire    . . .     SeeInvis .   a - +1 spear
rCold    . . .     Faith    .   (no shield)
rNeg     . . .     Spirit   .   b - +0 robe
rPois    .         Reflect  .   (helmet restricted)
rElec    .         Harm     .   (no cloak)
rCorr    .         Rampage  .   (gloves unavailable)
Will     .....                  (boots unavailable)
Stlth    +.........             (no amulet)
HPRegen  0.17/turn              (no ring)
MPRegen  0.09/turn              (no ring)

@: no status effects
A: large, unfitting armour, tough skin 1
a: Renounce Religion, Depart the Abyss


You were on level 3 of the Dungeon.
You worshipped Lugonu.
Lugonu was aware of your devotion.
You visited 1 branch of the dungeon, and saw 3 of its levels.
You visited the Abyss 1 time.

You collected 60 gold pieces.

Inventory:

Hand Weapons
 a - a +1 spear (weapon)
Armour
 b - a +0 robe (worn)
Jewellery
 c - an amulet of the acrobat
Scrolls
 e - 2 scrolls of identify
 f - a scroll of torment
Potions
 d - a potion of flight


   Skills:
 * Level 5.9 Fighting
 * Level 3.5 Polearms
 - Level 2.1 Dodging
 - Level 2.0 Invocations


You had 3 spell levels left.
You didn't know any spells.
Your spell library was empty.

Dungeon Overview and Level Annotations

Branches:
Dungeon (3/15)

Altars:


Innate Abilities, Weirdness & Mutations

You are too large for most types of armour.
You have tough skin. (AC +1)


Message History

Aim: an orc priest, wielding a +0 dagger and wearing a +0 leather armour (almost dead, about 38% to evade your +1 spear)
The orc wizard is in the way.
You miss the orc wizard.
The orc wizard hits you with a +0 dagger.
* * * LOW HITPOINT WARNING * * *
The orc priest begins to cast a cantrip, but forgets the words!
Okay, then.
Reach: a) +1 spear
Press: ? - help, Dir - move target, f/p - orc priest
Aim: an orc priest, wielding a +0 dagger and wearing a +0 leather armour (almost dead, about 38% to evade your +1 spear)
You reach to attack!
You hit the orc priest.
You kill the orc priest!
Lugonu accepts your kill.
The orc wizard hits you but does no damage.
As you read the scroll labelled FIZUD DAST, it crumbles to dust.
It is a scroll of identify.
f - a scroll of torment The orc wizard misses you.
You hit the orc wizard but do no damage.
The orc wizard gestures at you while chanting.
You resist with some effort.
You barely miss the orc wizard. You hit the orc wizard.
The orc wizard is moderately wounded.
The orc wizard barely misses you.
You hit the orc wizard.
The orc wizard is severely wounded.
The orc wizard casts a spell at you. You resist with some effort.
You hit the orc wizard but do no damage.
The orc wizard is severely wounded.
The orc wizard hits you but does no damage.
You hit the orc wizard.
The orc wizard is severely wounded.
The orc wizard hits you with a +0 dagger.
* * * LOW HITPOINT WARNING * * *
You miss the orc wizard.
The orc wizard is severely wounded.
The orc wizard gestures at you while chanting.
The puff of flame hits you.
You die...

#........###.#
..###.##...#....#
#.#
.......#####..#.#
#.###.# .......
#.)#.###.....#
.......
#..#....######
....... #..####..#
....... #........#
#..†######.####..#
#..o)o@....# #..#
#..######### #..#
#. #..# # ...#
..## .#


You could see an orc wizard and an orc.

Vanquished Creatures
  An orc priest (D:3)
  3 adders (D:2)
  2 worms (D:2)
  3 leopard geckos (D:1)
  An orc (D:3)
  3 giant cockroaches
  3 goblins (D:3)
  4 hobgoblins
  2 jackals (D:3)
  2 kobolds
  3 ball pythons
  5 bats
  2 frilled lizards
  3 rats
37 creatures vanquished.

Notes
Turn   | Place    | Note
-------+----------+-------------------------------------------
     0 | Abyss:1  | rageheart7 the Ogre Abyssal Knight began the quest for the
                  | Orb.
     0 | Abyss:1  | Reached XP level 1. HP: 24/24 MP: 2/2
    55 | Abyss:1  | Noticed an orange demon
    56 | D:1      | Escaped the Abyss
   250 | D:1      | Reached XP level 2. HP: 33/33 MP: 3/3
   348 | D:1      | Reached * piety under Lugonu
   837 | D:2      | Reached skill level 5 in Fighting
   837 | D:2      | Reached XP level 3. HP: 11/42 MP: 4/4
  1718 | D:2      | Reached XP level 4. HP: 34/50 MP: 5/5
  2138 | D:3      | Killed from afar by an orc wizard

Illustrated notes

Levels and vault maps discovered:
D:1:      lemuel_arrival_hallway, layout_loops_ring
D:2:      layout_rooms
D:3:      cheibrodos_pilgrimage, layout_basic, minmay_shallow_snake_nest

Skill      XL: |  1  2  3 |
---------------+----------+-----
Fighting       | 5 |  5.9
Polearms       | 3 |  3.5
Dodging        | |  2.1
Invocations    | |  2.0

Action                   |  1- 3 |  4- 6 || total
-------------------------+-------+-------++-------
Melee: Spear             |   145 |    33 ||   178
Invok: Depart the Abyss  |     1 |       ||     1
  Use: Potion            |     2 |       ||     2
       Scroll            |       |     1 ||     1
Armor: Robe              |    41 |     7 ||    48
       Skin              |     3 |       ||     3
Dodge: Dodged            |    61 |     8 ||    69

Table legend: (Time is in decaauts)
 A = Elapsed time spent in this place.
 B = Non-inter-level travel time spent in this place.
 C = Inter-level travel time spent in this place.
 D = Time resting spent in this place.
 E = Time spent auto-exploring this place.
 F = Levels seen in this place.
 G = Mean time per level.
                   A        B        C        D        E       F      G
               +--------+--------+--------+--------+--------+-----+--------+
         Total |   2131 |   2104 |     27 |    662 |   1150 |   4 |  532.8 |
       Dungeon |   2075 |   2048 |     27 |    662 |   1095 |   3 |  691.7 |
         Abyss |     56 |     56 |      0 |      0 |     55 |   1 |   56.0 |
               +--------+--------+--------+--------+--------+-----+--------+

Top non-repeatable levels by time:
     D:2: 1251 daAuts
     D:1: 755 daAuts
     D:3: 67 daAuts
 Abyss:1: 56 daAuts
